 Dungeon Crawl Stone Soup version 0.21-a0-471-gd587bd5 (webtiles) character file.

88 kae the Insei (level 4, -2/36 HPs)
             Began as a Draconian Transmuter on Nov 21, 2017.
             Succumbed to a kobold's poison
             ... on level 2 of the Dungeon.
             The game lasted 00:02:10 (2237 turns).

kae the Insei (Draconian Transmuter)                Turns: 2237, Time: 00:02:11

Health: -2/36      AC:  6    Str: 11 (12) XL:     4   Next: 30%
Magic:  4/7        EV: 12    Int: 13 (14) God:
Gold:   111        SH:  0    Dex: 10 (12) Spells: 4/7 levels left

rFire    . . .     SeeInvis .   h - +0 club
rCold    . . .     Gourm    .   (no shield)
rNeg     . . .     Faith    .   (armour unavailable)
rPois    .         Spirit   .   (helmet restricted)
rElec    .         Reflect  .   (no cloak)
rCorr    .         Harm     .   p - +0 pair of gloves
MR       .....                  (no boots)
Stlth    +.........             (no amulet)
HPRegen  0.12/turn              (no ring)
MPRegen  0.10/turn              (no ring)

@: lethally poisoned (-2 -> -34)
A: unfitting armour, cold-blooded, AC +5
a: no special abilities


You were on level 2 of the Dungeon.
You were near starving.

You visited 1 branch of the dungeon, and saw 3 of its levels.

You collected 111 gold pieces.

Inventory:

Hand Weapons
 h - a +0 club (weapon)
Missiles
 a - 4 arrows
Armour
 p - a +0 pair of gloves (worn)
Scrolls
 i - 4 scrolls of remove curse
Potions
 e - a potion of flight {unknown}
 f - a potion of degeneration
 g - a potion of mutation {unknown}
 m - 2 potions of heal wounds {unknown}
 o - 2 potions of curing {unknown}
 r - a potion of might
Books
 b - a book of Changes

   Spells                             Type                      Level
   a - Beastly Appendage              Transmutation                1
   b - Sticks to Snakes               Transmutation                2
   c - Spider Form                    Transmutation/Poison         3
   d - Ice Form                       Ice/Transmutation            4
   e - Blade Hands                    Transmutation                5
Comestibles
 c - 3 bread rations
 k - 4 fruits
 q - a meat ration


   Skills:
 + Level 2.1 Fighting
 - Level 1.7 Dodging
 * Level 3.7 Unarmed Combat
 + Level 2.4 Spellcasting
 * Level 3.1 Transmutations


You had 4 spell levels left.
You knew the following spells:

 Your Spells              Type           Power        Failure   Level  Hunger
a - Beastly Appendage     Tmut           #.....       7%          1    #......
b - Sticks to Snakes      Tmut           #.......     10%         2    ###....


Dungeon Overview and Level Annotations

Branches:
Dungeon (3/15)

Altars:
Ashenzari
Fedhas
Kikubaaqudgha
Trog
Uskayaw


Innate Abilities, Weirdness & Mutations

Your plain brown scales are hard. (AC +5)
You cannot fit into any form of body armour.
You are cold-blooded and may be slowed by cold attacks.


Message History

You feel sick.
The kobold shoots a poisoned needle.
The poisoned needle hits you!
You are more poisoned.
There is a stone staircase leading up, spattered with blood here.
Things that are here:
2 poisoned needles; a stone
* * * LOW HITPOINT WARNING * * *
You feel very sick.
The kobold shoots a poisoned needle.
The poisoned needle closely misses you.
You climb upwards.
Your summoned ally is left behind.
* * * LOW HITPOINT WARNING * * *
You feel very sick.
There is a stone staircase leading down here.
Unknown command.
Unknown command.
There is a lethal amount of poison in your body!
It was a potion of degeneration.
There was something very wrong with that liquid.
You feel weakened.
You feel dopey.
You feel clumsy.
You die...

#............#...#.............
#####...##.#.#...#...##........
#######........#.......##........
S.........####........###........
#.............#..###### #........
....#.....#...#..# #........
....#.....#...#..########........
...##.....#...#........##........
...#......#...#.@......##########
#.##..........#........#
#.#....####...#........#
####.###..#...#........#
...###....#...########## ######
._.'..............)..# #....#
...###....#...######## #....#
####.###......# #....#
#.#....######## #....##


There were no monsters in sight!

Vanquished Creatures
  3 adders
  A dart slug (D:2)
  A leopard gecko (D:2)
  An orc (D:3)
  3 bats (D:1)
  2 giant cockroaches
  5 goblins
  A hobgoblin (D:1)
  2 jackals (D:1)
  6 kobolds
  A frilled lizard (D:2)
  8 rats
34 creatures vanquished.

Vanquished Creatures (collateral kills)
  A jelly (D:2)
  An adder (D:2)
  An orc (D:2)
  A frilled lizard (D:2)
  A rat (D:2)
5 creatures vanquished.

Grand Total: 39 creatures vanquished

Notes
Turn   | Place    | Note
-------+----------+-------------------------------------------
     0 | D:1      | kae the Draconian Transmuter began the quest for the Orb.
     0 | D:1      | Reached XP level 1. HP: 16/16 MP: 3/3
   182 | D:1      | Reached XP level 2. HP: 21/23 MP: 5/5
   191 | D:1      | Learned a level 2 spell: Sticks to Snakes
   262 | D:1      | You fall through a shaft!
   914 | D:2      | Reached XP level 3. HP: 27/28 MP: 4/6
   916 | D:2      | Found an ancient bone altar of Kikubaaqudgha.
   919 | D:2      | Found a bloodstained altar of Trog.
  1036 | D:2      | Found a blossoming altar of Fedhas.
  1417 | D:2      | Found a shattered altar of Ashenzari.
  1570 | D:3      | Found a hide-covered altar of Uskayaw.
  1570 | D:3      | Noticed a dagger
  1570 | D:3      | Noticed a dagger
  1994 | D:2      | Reached XP level 4. HP: 7/36 MP: 2/7
  2236 | D:2      | HP: 1/36 [poisoned by a kobold]
  2237 | D:2      | Succumbed to a kobold's poison

Vault maps used:
D:1:      lemuel_arrival_tunnels, minmay_pentomino_t2
D:2:      nicolae_ashenzari_panopticon, grunt_temple_overflow_open,
          fedhas_altar_4
D:3:      dancing_weapons_uskayaw, lightli_temple_of_fire, solitary_fountain,
          minmay_fountain_box, minmay_misc_feat_tiny

Skill      XL: |  1  2  3 |
---------------+----------+-----
Fighting       | 2 |  2.1
Transmutations | 3 |  3.1
Dodging        | |  1.7
Unarmed Combat | |  3.7
Spellcasting   | |  2.4

Action                   |  1- 3 |  4- 6 || total
-------------------------+-------+-------++-------
Melee: Unarmed           |    28 |       ||    28
       Tailslap          |    13 |     2 ||    15
       Kick              |     6 |       ||     6
       Club              |    84 |    15 ||    99
       Punch             |     2 |     1 ||     3
 Cast: Beastly Appendage |     4 |       ||     4
       Sticks to Snakes  |     5 |     3 ||     8
  Use: Scroll            |     5 |       ||     5
       Potion            |       |     1 ||     1
 Stab: Sleeping          |     2 |       ||     2
       Distracted        |       |     1 ||     1
  Eat: Chunk             |     3 |       ||     3
Armor: Skin              |    74 |    10 ||    84
Dodge: Dodged            |   115 |    21 ||   136

Table legend:
 A = Spawn XP
 B = Non-spawn XP
 C = Spawn XP percentage of total XP
 D = Spawn monster count
 E = Non-spawn monster count
 F = Spawn count percentage of total count
 G = Total turns spent on level
                    A         B        C        D         E        F      G
               +---------+---------+-------+---------+---------+-------+---------
         Total |       0 |     127 |   0.0 |       0 |      39 |   0.0 |  2237
               +---------+---------+-------+---------+---------+-------+---------
           D:1 |       0 |      25 |   0.0 |       0 |      15 |   0.0 |   680
           D:2 |       0 |      84 |   0.0 |       0 |      20 |   0.0 |  1481
           D:3 |       0 |      18 |   0.0 |       0 |       4 |   0.0 |    76
               +---------+---------+-------+---------+---------+-------+---------
